AoeStats
← Long John Silver

Arabia

506935130Analyzed
3v3 RM · 16d ago on Sep 15, 2026· 22m 56s· 6 players
Game mode
Random Map
Map size
Normal (6 player)
Population
200
Speed
Normal
Resources
Standard
Victory
Conquest
Starting age
Dark Age
Ending age
Imperial Age
RankedLock teamsTeams togetherTeam positionsShared explorationLock speedFull tech treeHidden civsTurbo modeCheats
Victory
Defeat
🇹🇷 Ethiopians · Türkiye
1514
+15
🇹🇷 Persians · Türkiye
1482
+16
🇹🇷 Vietnamese · Türkiye
1315
+24
🇺🇸 Wu · United States
1496
-19
🇦🇷 Mongols · Argentina
1475
-18
🇩🇪 Saracens · Germany
1470
-18
BigAl
7:37 Loom
10:43 Feudal Age
10:45 Man-at-Arms
11:45 Double-Bit Axe
15:57 Fletching
24:49 Castle Age
Dificult
6:04 Loom
8:15 Feudal Age
9:05 Double-Bit Axe
11:37 Forging
13:04 Scale Barding Armor
13:47 Horse Collar
22:48 Castle Age
20:46 Gold Mining
22:20 Bloodlines
Long John Silver
7:13 Loom
9:24 Feudal Age
10:56 Double-Bit Axe
16:44 Fletching
GdR_halo
6:44 Loom
8:59 Feudal Age
9:59 Double-Bit Axe
14:59 Fletching
21:49 Castle Age
21:08 Padded Archer Armor
21:01 Gold Mining
22:31 Bodkin Arrow
22:51 Leather Archer Armor
22:11 Crossbowman
GdR_Bozadam
6:55 Loom
9:18 Feudal Age
10:00 Double-Bit Axe
9:58 Horse Collar
15:26 Scale Barding Armor
21:58 Castle Age
20:48 Forging
20:43 Gold Mining
22:18 Bloodlines
23:34 Chain Barding Armor
AKINCILAR
11:31 Feudal Age
10:33 Loom
16:00 Fletching
17:08 Padded Archer Armor
Connection lost

Rejoining the realm…

Still unreachable

The connection could not be restored.

Session expired

The server has moved on; the page needs a fresh start.